 Dungeon Crawl Stone Soup version 0.27-a0-1502-g47ed6a6988 (webtiles) character file.

Game seed: 13179858401984262933

2146 ABBCCCDDDD the Skirmisher (level 9, 0/67 HPs)
             Began as a Djinni Air Elementalist on July 9, 2021.
             Was a High Priest of Cheibriados.
             Slain by an ice beast (1 damage)
             ... on level 6 of the Dungeon.
             The game lasted 00:22:17 (7401 turns).

ABBCCCDDDD the Skirmisher (Djinni Air Elementalist) Turns: 7401, Time: 00:22:18

Health: 0/67       AC: 11    Str: 21    XL:     9   Next: 56%
Gold:   247        EV: 14    Int: 31    God:    Cheibriados [*****.] SH:  0 Dex: 28

rFire    + + .     SeeInvis +   K - +10 rapier of the Mouth {pain, Contam rElec rC++ rCorr}
rCold    + . .     Faith    .   (no shield)
rNeg     . . .     Spirit   .   n - +0 scale mail
rPois    ∞         Reflect  .   u - +0 helmet
rElec    +         Harm     .   i - +1 cloak
rCorr    +         Rampage  .   (no gloves)
Will     +....                  (boots unavailable)
Stlth    +.........             (no amulet)
HPRegen  0.21/turn              p - ring of see invisible
MPRegen  0.00/turn              w - ring of willpower

@: flying, very slow
A: sickness immunity, fire resistance 2, cold vulnerability 1, float, innate
caster, hp casting, extra vitality 1
a: Renounce Religion, Bend Time, Temporal Distortion, Slouch, Step From Time


You were on level 6 of the Dungeon.
You worshipped Cheibriados.
Cheibriados was extremely pleased with you.
You visited 1 branch of the dungeon, and saw 6 of its levels.
You also visited: Ossuary.

You collected 247 gold pieces.

Inventory:

Hand Weapons
 K - the +10 rapier of the Mouth (weapon) {pain, Contam rElec rC++ rCorr}
   (You found it on level 5 of the Dungeon)

   In the hands of one skilled in necromantic magic, it inflicts extra damage on
   living creatures.
   rC:        It greatly protects you from cold.
   rElec:     It insulates you from electricity.
   Contam:    It causes magical contamination when unequipped.
   rCorr:     It protects you from acid and corrosion.
Missiles
 q - 22 poisoned darts
 A - 2 throwing nets
Armour
 a - a +0 robe
 d - a +0 kite shield
 i - a +1 cloak (worn)
 m - a +0 leather armour
 n - a +0 scale mail (worn)
 u - a +0 helmet (worn)
Magical Staves
 e - a staff of conjuration
Jewellery
 b - the ring "Cydgheo" {Wiz Fly}
   (You found it in an ossuary)

   [ring of wizardry]

   It improves your spell success rate.
   Fly:       It grants you flight.
 k - a +6 ring of dexterity
 p - a ring of see invisible (left hand)
 t - an amulet of faith
 w - a ring of willpower (right hand)
Wands
 j - a wand of polymorph (9)
 B - a wand of flame (23)
 L - a wand of charming (11)
Scrolls
 f - 2 scrolls of magic mapping
 g - a scroll of enchant weapon
 l - a scroll of summoning
 s - a scroll of vulnerability {unknown}
 v - 3 scrolls of teleportation {unknown}
 y - a scroll of fear {unknown}
 I - a scroll of silence {unknown}
 J - a scroll of immolation {unknown}
Potions
 h - a potion of curing
 o - 2 potions of brilliance {unknown}
 r - 2 potions of mutation {unknown}
 x - 2 potions of flight {unknown}
 z - 2 potions of might {unknown}
 C - a potion of haste {unknown}
 D - a potion of lignification {unknown}
 E - 2 potions of attraction {unknown}
 F - 4 potions of ambrosia {unknown}
 G - a potion of invisibility {unknown}
 H - a potion of magic


   Skills:
 + Level 6.9 Fighting
 * Level 5.5 Armour
 + Level 5.2 Dodging
 - Level 1.5 Stealth
 + Level 4.9 Spellcasting
 - Level 3.0 Invocations


You couldn't memorise any spells.
You knew the following spells:

 Your Spells              Type           Power      Damage    Failure   Level
a - Shock                 Conj/Air       100%       1d9       1%          1
b - Static Discharge      Conj/Air       38%        N/A       2%          2
c - Swiftness             Air            38%        N/A       5%          3
d - Airstrike             Air            19%        N/A       19%         4
e - Foxfire               Conj/Fire      100%       2x1d9     1%          1
f - Wereblood             Tmut           38%        N/A       2%          2
g - Portal Projectile     Hex/Tloc       76%        N/A       5%          3
h - Summon Guardian Gole  Hex/Summ       38%        N/A       5%          3
Your spell library was empty.

Dungeon Overview and Level Annotations

Branches:
Dungeon (6/15)             Temple (0/1) D:5         Ossuary (visited)

Altars:
Cheibriados
Sif Muna
Vehumet
Xom


Innate Abilities, Weirdness & Mutations

You are immune to sickness and miasma.
You are immune to poison.
Your flesh is very heat resistant. (rF++)
You are vulnerable to cold. (rC-)
You float through the air rather than walking.
You learn spells naturally, not from books.
Your magical power is your life essence.
You have superior vitality. (+4 HP)


Message History

Okay, then.
Casting: Foxfire (safe; 1% risk of failure)
Confirm with . or Enter, or press ? or * to list all spells.
The scorpion is struck by an arc of lightning.
The scorpion is moderately wounded.
The wraith is struck by an arc of lightning!
The wraith is moderately damaged.
The gnoll sergeant is struck by an arc of lightning.
The gnoll sergeant is moderately wounded.
The lightning grounds out.
The ogre hits your guardian golem with a +0 giant spiked club!
The scorpion stings you. The manticore misses you.
The manticore closely misses you.
The manticore claws you but does no damage.
The gnoll sergeant hits you from afar with a +0 spear.
Casting: Static Discharge (safe; 2% risk of failure)
Confirm with . or Enter, or press ? or * to list all spells.
The manticore is struck by an arc of lightning!
The manticore is lightly wounded.
The lightning grounds out.
The scorpion stings you.
The orc priest invokes the aid of Beogh against you.
Beogh smites you!
* * * LOW HITPOINT WARNING * * *
The ogre hits your guardian golem with a +0 giant spiked club!
The manticore barely misses you.
The manticore claws you but does no damage.
The manticore completely misses you. The ice beast closely misses you.
The gnoll sergeant barely misses you.
Okay, then.
Okay, then.
You fail to use your ability.
The scorpion stings you but does no damage.
The orc hits your guardian golem but does no damage.
The manticore bites you.
* * * LOW HITPOINT WARNING * * *
The manticore barely misses you. The manticore claws you.
* * * LOW HITPOINT WARNING * * *
The gnoll sergeant completely misses you.
The ice beast hits you.
You die...

#....)......#...#
#.....#....#......#...#
#.....####+#......#####
#.....#....#(....##
#.....#....#.....#
#.....#....#..†..#
+.....#....#.....#
##....Y####'#†....#
.....WH@.....)....#
......s...........+ #
.....)g8..........# #
....).oO..........######
#...#...#....:..........
...#o..#................
..#...#.................
...#...#................
..............


You could see a manticore, a wraith, an ice beast, an ogre (ally target), a
gnoll sergeant, a scorpion, an orc priest, an orc and a friendly guardian golem
(summoned).

Vanquished Creatures
  A necrophage (D:6)
  A black bear (D:5)
  5 centaurs
  2 ogres
  A kobold brigand (D:6)
  3 water moccasin zombies
  A scorpion (D:6)
  A water moccasin skeleton (D:5)
  5 bullfrog zombies (Ossuary)
  3 hounds
  2 centaur zombies (Ossuary)
  A jelly (D:5)
  3 iguanas
  An orc wizard (D:3)
  Natasha (thrice) (D:2)
  2 killer bee zombies (Ossuary)
  9 mummies (Ossuary)
  10 gnolls
  10 adders
  A white imp (D:6)
  3 ufetubi
  5 worms
  2 dart slugs
  6 orcs
  5 ball pythons
  6 bats
  8 endoplasms
  4 giant cockroaches
  9 goblins
  4 hobgoblins
  11 jackals
  3 quokkas
  3 frilled lizards
  8 kobolds
  5 rats
147 creatures vanquished.

Vanquished Creatures (collateral kills)
  9 foxfires (Ossuary)
9 creatures vanquished.

Vanquished Creatures (others)
  A gnoll (D:6)
  2 kobolds (D:6)
  426 foxfires
  11 withered plants (Ossuary)
440 creatures vanquished.

Grand Total: 596 creatures vanquished

Notes
Turn   | Place    | Note
-------+----------+-------------------------------------------
     0 | D:1      | ABBCCCDDDD the Djinni Air Elementalist began the quest for
                  | the Orb.
     0 | D:1      | Reached XP level 1. HP: 15/15 MP: 0/0
   113 | D:1      | Found a faded altar of an unknown god.
   182 | D:1      | Became a worshipper of Cheibriados the Contemplative
   182 | D:1      | Reached * piety under Cheibriados
   361 | D:1      | Reached XP level 2. HP: 21/22 MP: 0/0
   370 | D:1      | Reached skill level 1 in Fighting
   844 | D:1      | Reached skill level 1 in Invocations
   844 | D:1      | Reached XP level 3. HP: 25/27 MP: 0/0
   844 | D:1      | Learned a level 1 spell: Foxfire
  1155 | D:2      | Reached ** piety under Cheibriados
  1627 | D:2      | Reached XP level 4. HP: 29/33 MP: 0/0
  1799 | D:2      | Found a shimmering altar of Xom.
  1826 | D:2      | Reached skill level 2 in Fighting
  1892 | D:2      | Noticed Natasha
  1897 | D:2      | Killed Natasha
  1898 | D:2      | Reached XP level 5. HP: 28/38 MP: 0/0
  1898 | D:2      | Learned a level 2 spell: Wereblood
  2164 | D:2      | Noticed Natasha
  2170 | D:2      | Killed Natasha
  2265 | D:2      | Reached *** piety under Cheibriados
  2292 | D:2      | Noticed Natasha
  2298 | D:2      | Killed Natasha
  2675 | D:3      | Reached XP level 6. HP: 34/45 MP: 0/0
  2817 | D:3      | Reached skill level 3 in Fighting
  3989 | D:4      | Identified the +6 war axe of the Blowfly {antimagic, +Blink
                  | rPois rC- Dex+6}
  3996 | D:4      | Reached XP level 7. HP: 40/50 MP: 0/0
  3996 | D:4      | Learned a level 3 spell: Portal Projectile
  4000 | D:4      | Reached **** piety under Cheibriados
  4128 | D:4      | Reached skill level 1 in Armour
  4468 | D:5      | Entered Level 5 of the Dungeon
  4476 | D:5      | Reached skill level 4 in Fighting
  4476 | D:5      | Reached skill level 5 in Dodging
  4708 | D:5      | Reached XP level 8. HP: 54/58 MP: 0/0
  4761 | D:5      | Found a sand-covered staircase.
  4773 | Ossuary  | Entered an ossuary
  5132 | Ossuary  | Reached skill level 5 in Fighting
  5254 | Ossuary  | Reached ***** piety under Cheibriados
  5441 | Ossuary  | Identified the ring "Cydgheo" {Wiz Fly}
  5879 | D:5      | Identified the +10 rapier of the Mouth {pain, Contam rElec
                  | rC++ rCorr}
  5925 | D:5      | Reached skill level 6 in Fighting
  5925 | D:5      | Reached XP level 9. HP: 44/66 MP: 0/0
  5925 | D:5      | Learned a level 3 spell: Summon Guardian Golem
  6087 | D:5      | Reached skill level 5 in Armour
  6126 | D:5      | Found a staircase to the Ecumenical Temple.
  7388 | D:6      | Noticed a manticore
  7401 | D:6      | HP: 1/67 [manticore (3)]
  7401 | D:6      | Slain by an ice beast

Illustrated notes

Levels and vault maps discovered:
D:1:      mainiacjoe_arrival_reflecting_pool, layout_basic,
          hellmonk_ecumenical_altar_run_dry, grunt_decor_mini_mirrors,
          serial_bayou_pond_b
D:2:      layout_loops_ring, basic_altar, uniq_natasha
D:3:      layout_basic, roderic_malta_cross, amcnicky_mini_corridor_feature
D:4:      layout_rooms, mainiacjoe_overflow_alcove_2
D:5:      layout_layer_cave, vehumet_altar_wand_db, minmay_temple_entry_waves,
          nicolae_ossuary_entry_monument
D:6:      cheibrodos_fzero, layout_gridville, hangedman_decor_riveting,
          minmay_holes

Skill      XL: |  1  2  3  4  5  6  7  8  9 |
---------------+----------------------------+-----
Fighting       | 1 2 3 4 6 |  6.9
Invocations    | 1 2 3 |  3.0
Dodging        | 3 4 5 |  5.2
Armour         | 2 4 5 |  5.5
Spellcasting   | 3 4 |  4.9
Stealth        | |  1.5

Action                   |  1- 3 |  4- 6 |  7- 9 || total
-------------------------+-------+-------+-------++-------
Melee: Staff             |       |       |     5 ||     5
       Rapier            |       |       |     1 ||     1
 Cast: Shock             |    56 |    87 |     1 ||   144
       Foxfire           |       |    34 |   242 ||   276
       Summon Guardian G |       |       |     6 ||     6
       Static Discharge  |       |       |     2 ||     2
  Use: Potion            |       |       |     3 ||     3
       Scroll            |       |       |     6 ||     6
 Stab: Sleeping          |       |       |     1 ||     1
Armor: Leather armour    |       |     4 |    12 ||    16
       Scale mail        |       |       |     8 ||     8
Dodge: Dodged            |     7 |     6 |    66 ||    79

Table legend: (Time is in decaauts)
 A = Elapsed time spent in this place.
 B = Non-inter-level travel time spent in this place.
 C = Inter-level travel time spent in this place.
 D = Time resting spent in this place.
 E = Time spent auto-exploring this place.
 F = Levels seen in this place.
 G = Mean time per level.
                   A        B        C        D        E       F      G
               +--------+--------+--------+--------+--------+-----+--------+
         Total |   9980 |   9575 |    405 |   2195 |   5962 |   7 | 1425.7 |
       Dungeon |   8805 |   8400 |    405 |   1632 |   5701 |   6 | 1467.5 |
       Ossuary |   1175 |   1175 |      0 |    563 |    261 |   1 | 1175.0 |
               +--------+--------+--------+--------+--------+-----+--------+

Top non-repeatable levels by time:
     D:5: 2188 daAuts
     D:3: 2002 daAuts
     D:2: 1781 daAuts
     D:1: 1287 daAuts
 Ossuary: 1175 daAuts
     D:6: 832 daAuts
     D:4: 713 daAuts
